 Dungeon Crawl Stone Soup version 0.24-a0-549-g45f0056d81 (webtiles) character file.

Game seed: 6003382542073301062

105 Gynju the Skirmisher (level 4, -4/41 HPs)
             Began as a Hill Orc Monk on Aug 20, 2019.
             Slain by a phantom (6 damage)
             ... on level 4 of the Dungeon.
             The game lasted 00:02:05 (1221 turns).

Gynju the Skirmisher (Hill Orc Monk)                Turns: 1221, Time: 00:02:06

Health: -4/41      AC:  7    Str: 14    XL:     4   Next: 81%
Magic:  4/4        EV: 12    Int: 10    God:
Gold:   97         SH:  0    Dex: 13    Spells: 3/3 levels left

rFire    + . .     SeeInvis .   a - +0 mace
rCold    . . .     Gourm    .   (no shield)
rNeg     . . .     Faith    .   k - +1 ring mail {rF+}
rPois    .         Spirit   .   (no helmet)
rElec    .         Reflect  .   (no cloak)
rCorr    .         Harm     .   h - +0 pair of gloves
MR       .....                  (no boots)
Stlth    +.........             (no amulet)
HPRegen  0.13/turn              (no ring)
MPRegen  0.09/turn              (no ring)

@: no status effects
A: no striking features
a: no special abilities


You were on level 4 of the Dungeon.
You were not hungry.

You visited 1 branch of the dungeon, and saw 3 of its levels.

You collected 97 gold pieces.

Inventory:

Hand Weapons
 a - a +0 mace (weapon)
Missiles
 g - 5 javelins (quivered)
Armour
 h - a +0 pair of gloves (worn)
 k - a +1 ring mail of fire resistance (worn)
Scrolls
 b - a scroll of identify {unknown}
 l - a scroll of teleportation {unknown}
Potions
 d - a potion of curing {unknown}
 e - a potion of might {unknown}
 f - a potion of haste {unknown}
 j - a potion of flight {unknown}
Comestibles
 c - 3 rations
 i - 3 chunks of flesh


   Skills:
 + Level 4.7 Fighting
 + Level 4.3 Maces & Flails
 + Level 3.2 Dodging
 - Level 1.5 Stealth


You had 3 spell levels left.
You didn't know any spells.
Your spell library was empty.

Dungeon Overview and Level Annotations

Branches:
Dungeon (2/15)

Altars:


Message History

You hit the phantom.
The phantom is moderately damaged.
The phantom barely misses you.
You hit the phantom but do no damage.
The phantom is moderately damaged.
The phantom hits you!
* * * LOW HITPOINT WARNING * * *
You hit the phantom.
The phantom is moderately damaged.
The phantom closely misses you.
You hit the phantom.
The phantom is moderately damaged.
The phantom hits you but does no damage.
You miss the phantom.
The phantom is moderately damaged.
The phantom hits you but does no damage.
You sock the phantom!
The phantom is heavily damaged.
The phantom closely misses you. The phantom hits you.
You die...

.............#
.............# ##....
...... .... ....
#..#######.#########
########..................#
........#.######...)....#
#...@W............#
####...#####......?..#
#......##............#
#......#................
#..........W...#######.#
#..............# .#
#....##........# #
#..(......รท....#
#...#.....%....#


You could see a phantom.

Vanquished Creatures
  A howler monkey (D:4)
  A worker ant (D:4)
  An ooze (D:4)
  An adder skeleton (D:4)
  A worm (D:2)
  2 leopard geckos
  4 giant cockroaches
  A goblin (D:1)
  3 hobgoblins
  4 jackals (D:1)
  4 bats
  3 frilled lizards
  7 kobolds
  A rat (D:1)
34 creatures vanquished.

Notes
Turn   | Place    | Note
-------+----------+-------------------------------------------
     0 | D:1      | Gynju the Hill Orc Monk began the quest for the Orb.
     0 | D:1      | Reached XP level 1. HP: 19/19 MP: 1/1
   152 | D:1      | Reached XP level 2. HP: 27/27 MP: 2/2
   733 | D:2      | Reached XP level 3. HP: 22/33 MP: 3/3
  1076 | D:2      | You fall into a shaft and drop 2 floors!
  1091 | D:4      | Reached XP level 4. HP: 38/41 MP: 4/4
  1102 | D:4      | Noticed a phantom
  1217 | D:4      | HP: 2/41 [phantom (7)]
  1221 | D:4      | Slain by a phantom

Levels and vault maps discovered:
D:1:      psy_arrival_whirlpool, layout_basic
D:2:      layout_loops_ring, fedhas_altar_1
D:4:      layout_basic, minmay_temple_entry_sparse_star, serial_shops,
          shop_fountains, first_ration, minmay_liquid_box

Skill      XL: |  1  2  3 |
---------------+----------+-----
Fighting       | 4 |  4.7
Maces & Flails | 4 |  4.3
Dodging        | 3 |  3.2
Stealth        | |  1.5

Action                   |  1- 3 |  4- 6 || total
-------------------------+-------+-------++-------
Melee: Mace              |    90 |    47 ||   137
 Stab: Sleeping          |     5 |       ||     5
  Eat: Chunk             |     1 |       ||     1
Armor: Robe              |    17 |       ||    17
       Ring mail         |    12 |    18 ||    30
Dodge: Dodged            |    66 |    45 ||   111

Table legend:
 A = Non-vault XP
 B = Vault XP
 C = Vault XP percentage of total XP
 D = Non-vault monster count
 E = Vault monster count
 F = Vault count percentage of total count
                 A         B        C        D         E       F
            +---------+---------+-------+---------+---------+-------
      Total |     150 |       0 |   0.0 |      34 |       0 |   0.0
            +---------+---------+-------+---------+---------+-------
        D:1 |      30 |       0 |   0.0 |      18 |       0 |   0.0
        D:2 |      19 |       0 |   0.0 |       9 |       0 |   0.0
        D:4 |     101 |       0 |   0.0 |       7 |       0 |   0.0
            +---------+---------+-------+---------+---------+-------
